 Dungeon Crawl Stone Soup version 0.27-a0-223-ge082b6e869 (webtiles) character file.

Game seed: 12348988221242778081

4190 sahdkjhfkaj the Thaumaturge (level 10, -1/50 HPs)
             Began as a Deep Elf Hedge Wizard on Feb 1, 2021.
             Was a Believer of Sif Muna.
             Slain by a two-headed ogre
             ... wielding a +0 giant spiked club
              (21 damage)
             ... on level 10 of the Dungeon.
             The game lasted 00:20:53 (14784 turns).

sahdkjhfkaj the Thaumaturge (DEWz)                 Turns: 14784, Time: 00:20:54

Health: -1/50      AC:  9    Str:  7    XL:     10   Next: 8%
Magic:  6/27       EV: 13    Int: 29    God:    Sif Muna [**....]
Gold:   452        SH:  5    Dex: 14    Spells: 20/31 levels left

rFire    . . .     SeeInvis +   a - +1 dagger (venom)
rCold    . . .     Faith    .   (no shield)
rNeg     . . .     Spirit   .   b - +0 robe
rPois    .         Reflect  +   D - +0 helmet {SInv}
rElec    .         Harm     .   f - +2 cloak {rCorr}
rCorr    +         Rampage  .   w - +2 pair of gloves
Will     ++...                  (no boots)
Stlth    ++........             p - amulet of reflection
HPRegen  0.16/turn              h - ring of willpower
MPRegen  0.20/turn              v - +6 ring of intelligence

@: no status effects
A: no striking features
a: Renounce Religion, Channel Magic


You were on level 10 of the Dungeon.
You worshipped Sif Muna.
Sif Muna was pleased with you.
You visited 1 branch of the dungeon, and saw 10 of its levels.

You collected 452 gold pieces.

Inventory:

Hand Weapons
 a - a +1 dagger of venom (weapon)
   (You took it off an orc wizard on level 6 of the Dungeon)
Missiles
 r - a throwing net {!f}
Armour
 b - a +0 robe (worn)
 f - a +2 cloak of preservation (worn)
   (You took it off Maurice on level 8 of the Dungeon)
 w - a +2 pair of gloves (worn)
   (You found it on level 6 of the Dungeon)
 D - a +0 helmet of see invisible (worn)
   (You found it on level 7 of the Dungeon)
Jewellery
 e - an uncursed amulet of magic regeneration
   (You took it off an orc on level 7 of the Dungeon)
 h - a ring of willpower (left hand)
   (You found it on level 1 of the Dungeon)
 i - an uncursed ring of protection from fire
   (You found it on level 8 of the Dungeon)
 p - an amulet of reflection (around neck)
   (You took it off an orc on level 7 of the Dungeon)
 v - a +6 ring of intelligence (right hand)
   (You found it on level 6 of the Dungeon)
 z - an uncursed ring of see invisible
   (You found it on level 9 of the Dungeon)
Wands
 d - a wand of iceblast (13)
   (You took it off Maurice on level 8 of the Dungeon)
 x - a wand of acid (9)
   (You found it on level 3 of the Dungeon)
 G - a wand of polymorph (9)
   (You found it on level 9 of the Dungeon)
Scrolls
 c - 3 scrolls of fear
 g - 2 scrolls of amnesia
 j - a scroll of enchant weapon
 l - 10 scrolls of remove curse {@r2}
 o - 3 scrolls of magic mapping
 q - 2 scrolls of immolation {!r}
 B - a scroll of blinking
 E - a scroll of teleportation {@r4}
 F - a scroll of fog
Potions
 k - 4 potions of heal wounds {@q2}
 m - 2 potions of flight
 n - a potion of haste {unknown}
 s - a potion of might {unknown}
 t - a potion of berserk rage
 u - 2 potions of attraction {!q}
 y - a potion of invisibility {unknown}
 A - a potion of magic {unknown}
 C - a potion of resistance {unknown}
 H - a potion of curing {@q1}
 I - 3 potions of lignification {!q}
 J - a potion of brilliance {unknown}


   Skills:
 - Level 2.4 Dodging
 - Level 2.4 Stealth
 - Level 11.0 Spellcasting
 - Level 11.0 Conjurations
 - Level 7.0 Hexes
 - Level 1.1 Summonings
 - Level 1.1 Translocations
 + Level 4.9 Fire Magic


You had 20 spell levels left.
You knew the following spells:

 Your Spells              Type           Power        Failure   Level
a - Magic Dart            Conj           100%         1%          1
b - Blink                 Tloc           N/A          3%          2
d - Conjure Flame         Conj/Fire      58%          1%          3
f - Mephitic Cloud        Conj/Pois/Air  37%          2%          3
x - Call Imp              Summ           22%          3%          2

Your spell library contained the following spells:

 Spells                   Type           Power        Failure   Level
 Slow                     Hex            54%          1%          2


Dungeon Overview and Level Annotations

Branches:
Dungeon (10/15)            Temple (0/1) D:6
   Lair: D:8-11         Orc: D:9-12

Altars:
Dithmenos
Elyvilon
Gozag
Nemelex Xobeh
Qazlal
Ru
Sif Muna
Trog
Vehumet
Wu Jian
Xom

Shops:
D:5 *!


Message History

Where to? (Enter - D:10, ? - help)
There is a stone staircase leading down here.
You climb downwards.
There is a stone staircase leading up here.
You open the door.
There is an open door here.
You open the door.
A two-headed ogre comes into view.
It is wielding two +0 giant spiked clubs.
Found 13 gold pieces.
Found a stone staircase leading down.
A two-headed ogre is nearby!
A two-headed ogre is nearby!
A two-headed ogre is nearby!
A two-headed ogre is nearby!
The fire begins to smolder!
The two-headed ogre shouts in stereo!
The fire ignites!
The magic dart hits the two-headed ogre but does no damage.
The magic dart hits the two-headed ogre.
The magic dart hits the two-headed ogre.
The magic dart hits the two-headed ogre.
The magic dart hits the two-headed ogre.
The magic dart hits the two-headed ogre.
The magic dart hits the two-headed ogre but does no damage.
The magic dart hits the two-headed ogre.
A quasit comes into view.
The magic dart hits the two-headed ogre.
The quasit gives a chilling moan.
The magic dart hits the two-headed ogre.
The magic dart hits the two-headed ogre but does no damage.
The magic dart hits the two-headed ogre.
The magic dart hits the two-headed ogre.
The magic dart hits the two-headed ogre but does no damage.
The magic dart hits the two-headed ogre.
The magic dart hits the two-headed ogre.
The magic dart hits the two-headed ogre.
The magic dart hits the two-headed ogre but does no damage.
The magic dart hits the two-headed ogre.
The magic dart hits the two-headed ogre.
The magic dart hits the two-headed ogre.
The magic dart hits the two-headed ogre.
The magic dart hits the two-headed ogre.
The magic dart hits the two-headed ogre.
There is an open door here.
You see here 18 stones.
There is a stone staircase leading up here.
The two-headed ogre hits you with a +0 giant spiked club!!
Ouch! That really hurt!
* * * LOW HITPOINT WARNING * * *
The two-headed ogre hits you with a +0 giant spiked club!!
You die...

.. #.# #..##
#####+###### #..#
#..........#
#####'######..........#
#......#...'..........#
#......'.###..........#
+......### #..........#
#......# #..@O5.....#
#......# #..........#
#......# #######'####
####+### #...# ###.#
#'# ..$ ..... ...>..#


You could see a two-headed ogre and a quasit.

Vanquished Creatures
  Maurice (D:8)
  A troll (D:9)
  2 orc warriors (D:7)
  A sky beast (D:7)
  2 ogres
  2 ice beasts
  3 centaurs
  3 phantoms
  3 bullfrogs
  5 scorpions
  9 killer bees (D:7)
  9 wights
  An electric eel (D:9)
  A centaur zombie (D:9)
  5 hounds
  2 jellies
  3 orc priests
  2 bullfrog skeletons
  2 iguanas
  13 orc wizards
  8 worker ants
  2 hound skeletons
  2 hound zombies
  2 worker ant zombies
  4 gnolls (D:8)
  10 adders
  2 shadow imps (D:7)
  A white imp (D:3)
  2 ufetubi
  3 adder zombies
  An adder skeleton (D:5)
  2 worms (D:2)
  2 dart slugs
  5 leopard geckos
  34 orcs
  2 giant cockroaches
  6 goblins
  5 hobgoblins
  4 kobolds
  3 quokkas
  7 bats
  5 frilled lizards
  6 rats
188 creatures vanquished.

Vanquished Creatures (collateral kills)
  An ogre (D:4)
  A worker ant (D:5)
  An orc (D:5)
3 creatures vanquished.

Vanquished Creatures (others)
  An orc wizard (D:7)
  A fungus (D:9)
2 creatures vanquished.

Grand Total: 193 creatures vanquished

Notes
Turn   | Place    | Note
-------+----------+-------------------------------------------
     0 | D:1      | sahdkjhfkaj the Deep Elf Hedge Wizard began the quest for
                  | the Orb.
     0 | D:1      | Reached XP level 1. HP: 10/10 MP: 7/7
   191 | D:1      | Reached skill level 5 in Spellcasting
   272 | D:1      | Reached XP level 2. HP: 15/15 MP: 2/10
   335 | D:1      | Learned a level 2 spell: Blink
   928 | D:2      | Reached XP level 3. HP: 19/19 MP: 9/12
  1623 | D:2      | Reached XP level 4. HP: 24/24 MP: 3/14
  2032 | D:2      | Found a shimmering blue altar of Sif Muna.
  2190 | D:2      | Became a worshipper of Sif Muna the Loreminder
  2679 | D:3      | Found a shadowy altar of Dithmenos.
  3052 | D:3      | Reached XP level 5. HP: 14/28 MP: 5/17
  3642 | D:4      | Noticed an ogre
  4060 | D:4      | Found a shimmering altar of Xom.
  4608 | D:4      | Reached XP level 6. HP: 32/32 MP: 13/20
  5009 | D:4      | Learned a level 2 spell: Call Imp
  5253 | D:5      | Entered Level 5 of the Dungeon
  5275 | D:5      | Reached skill level 10 in Spellcasting
  5335 | D:5      | Found Vauniss's Distillery.
  5908 | D:5      | Reached XP level 7. HP: 36/36 MP: 9/23
  6007 | D:5      | Found an opulent altar of Gozag.
  6142 | D:5      | Learned a level 3 spell: Conjure Flame
  6611 | D:5      | Found a shimmering altar of Xom.
  6676 | D:5      | Found Waceghiu's Assorted Antiques.
  7328 | D:6      | Found a staircase to the Ecumenical Temple.
  7610 | D:7      | Reached skill level 5 in Conjurations
  7723 | D:7      | Reached * piety under Sif Muna
  7939 | D:7      | Reached XP level 8. HP: 34/41 MP: 21/25
  8154 | D:7      | Found a radiant altar of Vehumet.
  8340 | D:7      | Learned a level 3 spell: Mephitic Cloud
  9320 | D:7      | Found a white marble altar of Elyvilon.
  9825 | D:6      | Reached XP level 9. HP: 30/44 MP: 7/26
  9952 | D:6      | Reached ** piety under Sif Muna
 10601 | D:7      | Reached skill level 10 in Conjurations
 10874 | D:7      | Found a bloodstained altar of Trog.
 11120 | D:8      | Found a sparkling altar of Nemelex Xobeh.
 11520 | D:8      | Noticed Maurice
 11535 | D:8      | Killed Maurice
 11872 | D:8      | Reached skill level 5 in Hexes
 12219 | D:8      | Reached skill level 1 in Fire Magic
 12550 | D:8      | Found an ornate altar of the Wu Jian Council.
 12552 | D:8      | Found a stormy altar of Qazlal.
 12987 | D:9      | Got an ebony war axe
 12988 | D:9      | Identified the +1 war axe "Conservator" {drain, rF+ Str+3}
                  | (You found it on level 9 of the Dungeon)
 13028 | D:9      | Noticed a troll
 13056 | D:9      | Killed a troll
 13323 | D:9      | Found a sacrificial altar of Ru.
 13396 | D:9      | Reached XP level 10. HP: 50/50 MP: 21/27
 14462 | D:10     | Entered Level 10 of the Dungeon
 14752 | D:10     | Noticed a two-headed ogre
 14784 | D:10     | Slain by a two-headed ogre

Illustrated notes

Levels and vault maps discovered:
D:1:      onia_arrival_pyramid, layout_basic, minivault_23
D:2:      layout_basic, lemuel_blue_sif_altar
D:3:      layout_basic, lemuel_crystal_altar
D:4:      layout_loops_ring, xom_teletrap_fun
D:5:      layout_loops_ring, nicolae_gozag_seed_capital, kennysheep_little_box,
          serial_shops, shop, nicolae_shop_waterfront
D:6:      layout_basic, temple_pool_b
D:7:      layout_layer_cave, lemuel_crystal_altar, elyvilon_altar_1,
          amcnicky_mini_rare_corridor_liquid, trog_book
D:8:      layout_loops_ring, chequers_temple_overflow_statue_of_worship,
          nemelex_xobeh_ov_fountains_minmay, uniq_maurice
D:9:      layout_basic, nicolae_overflow_crystal_walls, water_boxes_lemuel
D:10:     layout_roguey, grunt_ashenzari_visionary
          [grunt_ashenzari_visionary_swamp, grunt_ashenzari_visionary_snake],
          uniq_psyche, uniq_josephine

Skill      XL: |  1  2  3  4  5  6  7  8  9 |
---------------+----------------------------+-----
Spellcasting   | 5 6 8 9 10 11 | 11.0
Conjurations   | 5 9 11 | 11.0
Hexes          | 7 |  7.0
Fire Magic     | 4 |  4.9
Dodging        | |  2.4
Stealth        | |  2.4
Summonings     | |  1.1
Translocations | |  1.1

Action                   |  1- 3 |  4- 6 |  7- 9 | 10-12 || total
-------------------------+-------+-------+-------+-------++-------
Melee: Unarmed           |       |     8 |       |       ||     8
       Dagger            |       |       |     3 |     5 ||     8
 Cast: Magic Dart        |   104 |   213 |   595 |    75 ||   987
       Blink             |       |     5 |    26 |     2 ||    33
       Call Imp          |       |     7 |    12 |       ||    19
       Conjure Flame     |       |       |    27 |     3 ||    30
       Mephitic Cloud    |       |       |     3 |       ||     3
Evoke: Wand              |       |     4 |     1 |       ||     5
  Use: Scroll            |     2 |    10 |     6 |     2 ||    20
       Potion            |       |     2 |     4 |     1 ||     7
 Stab: Sleeping          |       |       |     2 |       ||     2
Armor: Robe              |       |    17 |    49 |     2 ||    68
       Skin              |       |     9 |       |       ||     9
Dodge: Dodged            |     4 |    71 |   147 |     7 ||   229
Block: Other             |       |       |    27 |     1 ||    28
       Reflection        |       |       |     1 |       ||     1

Table legend: (Time is in decaauts)
 A = Elapsed time spent in this place.
 B = Non-inter-level travel time spent in this place.
 C = Inter-level travel time spent in this place.
 D = Time resting spent in this place.
 E = Time spent auto-exploring this place.
 F = Levels seen in this place.
 G = Mean time per level.
                   A        B        C        D        E       F      G
               +--------+--------+--------+--------+--------+-----+--------+
         Total |  14789 |  14485 |    304 |   1669 |  10512 |  10 | 1478.9 |
       Dungeon |  14789 |  14485 |    304 |   1669 |  10512 |  10 | 1478.9 |
               +--------+--------+--------+--------+--------+-----+--------+

Top non-repeatable levels by time:
     D:6: 2198 daAuts
     D:7: 2193 daAuts
     D:9: 1960 daAuts
     D:4: 1644 daAuts
     D:8: 1563 daAuts
     D:2: 1556 daAuts
     D:5: 1540 daAuts
     D:3: 1232 daAuts
     D:1: 821 daAuts
    D:10: 77 daAuts
